 Dungeon Crawl Stone Soup version 0.30-a0-1123-gabc949cf19 (webtiles) character file.

Game seed: 8909236095545467967

798 voltaire321 the Magician (level 7, -3/40 HPs)
             Began as a Deep Elf Earth Elementalist on Apr 22, 2023.
             Was an Initiate of Vehumet.
             Slain by Prince Ribbit (13 damage)
             ... on level 5 of the Dungeon.
             The game lasted 00:09:58 (3691 turns).

voltaire321 the Magician (DEEE)                     Turns: 3691, Time: 00:09:59

Health: -3/40      AC:  4    Str:  7    XL:     7   Next: 58%
Magic:  6/16       EV: 14    Int: 20    God:    Vehumet [......]
Gold:   218        SH:  0    Dex: 15    Spells: 10/16 levels left

rFire   . . .        d - +1 whip (elec)
rCold   . . .        (no shield)
rNeg    . . .        a - +0 robe
rPois   .            j - +1 helmet
rElec   .            (no cloak)
rCorr   .            (no gloves)
SInv    .            (no boots)
Will    .....        k - amulet of magic regeneration
Stlth   ++           (no ring)
HPRegen 0.26/turn    (no ring)
MPRegen 0.55/turn

%: no passive effects
@: no status effects
A: no striking features
a: Renounce Religion


You were on level 5 of the Dungeon.
You worshipped Vehumet.
Vehumet was noncommittal.
You visited 2 branches of the dungeon, and saw 6 of its levels.

You collected 218 gold pieces.

Inventory:

Hand Weapons
 d - a +1 whip of electrocution (weapon)
Armour
 a - a +0 robe (worn)
 j - a +1 helmet (worn)
Jewellery
 k - an amulet of magic regeneration (around neck)
Scrolls
 h - a scroll of amnesia {unknown}
 i - a scroll of enchant armour {unknown}
 l - 3 scrolls of identify {unknown}
 m - a scroll of torment {unknown}
 n - 4 scrolls of teleportation {unknown}
 r - a scroll of immolation {unknown}
 v - a scroll of magic mapping {unknown}
Potions
 b - a potion of magic
 c - 4 potions of degeneration {unknown}
 e - a potion of cancellation {unknown}
 f - 2 potions of might {unknown}
 g - a potion of mutation {unknown}
 o - a potion of attraction {unknown}
 p - 2 potions of curing {unknown}
 q - a potion of resistance {unknown}
 s - a potion of haste {unknown}
 t - a potion of flight {unknown}
 u - a potion of lignification {unknown}


   Skills:
 + Level 2.3 Fighting
 + Level 2.3 Armour
 + Level 4.7 Dodging
 - Level 2.4 Stealth
 + Level 5.2 Spellcasting
 + Level 2.6 Conjurations
 + Level 3.5 Transmutations
 + Level 4.8 Earth Magic


You had 10 spell levels left.
You knew the following spells:

 Your Spells              Type           Power      Damage    Failure   Level
a - Sandblast             Erth           48%        2d12      1%          1
b - Stone Arrow           Conj/Erth      40%        3d9       8%          3
c - Passwall              Tmut/Erth      18%        N/A       3%          2

Your spell library contained the following spells:

 Spells                   Type           Power      Damage    Failure   Level
 Freeze                   Ice            20%        1d4       12%         1
 Hailstorm                Conj/Ice       10%        3d5       21%         3
 Petrify                  Tmut/Erth      22%        N/A       21%         4
 Frozen Ramparts          Ice            10%        1d2       34%         3
 Tukima's Dance           Hex            5%         N/A       34%         3
 Passage of Golubria      Tloc           5%         N/A       75%         4
 Yara's Violent Unravell  Hex/Tmut       6%         3d5       83%         5


Dungeon Overview and Level Annotations

Branches:
Dungeon (5/15)             Temple (1/1) D:4

Altars:
Cheibriados
Dithmenos
Elyvilon
Fedhas
Gozag
Hepliaklqana
Kikubaaqudgha
Okawaru
Qazlal
Ru
Sif Muna
Trog
Vehumet
Wu Jian
Xom
Zin

Annotations:
D:5 Prince Ribbit


Message History

Things that are here:
a +1 flail of draining; a +0 ring mail You start resting.
Your magical contamination has completely faded away.
You start resting.
Magic restored.
You start resting.
HP restored.
Found a long sword.
Found a longbow.
Prince Ribbit comes into view.
Casting: Stone Arrow (dangerous; 8% risk of failure)
Confirm with . or Enter, or press ? or * to list all spells.
Aiming: Stone Arrow (dangerous; 8% risk of failure)
Press: ? - help, Shift-Dir - straight line, f - Prince Ribbit
Aim: Prince Ribbit (asleep, 100% to hit)
The stone arrow hits Prince Ribbit!
Prince Ribbit is moderately wounded.
Casting: Stone Arrow (dangerous; 8% risk of failure)
Confirm with . or Enter, or press ? or * to list all spells.
Aiming: Stone Arrow (dangerous; 8% risk of failure)
Press: ? - help, Shift-Dir - straight line, f/p - Prince Ribbit
Aim: Prince Ribbit (moderately wounded, 50% to hit)
The stone arrow misses Prince Ribbit.
Prince Ribbit hits you! x2
Casting: Stone Arrow (dangerous; 8% risk of failure)
Confirm with . or Enter, or press ? or * to list all spells.
Aiming: Stone Arrow (dangerous; 8% risk of failure)
Press: ? - help, Shift-Dir - straight line, f/p - Prince Ribbit
Aim: Prince Ribbit (moderately wounded, 50% to hit)
The stone arrow hits Prince Ribbit!!
Prince Ribbit is almost dead.
Prince Ribbit hits you!
* * * LOW HITPOINT WARNING * * *
Casting: Stone Arrow (dangerous; 8% risk of failure)
Confirm with . or Enter, or press ? or * to list all spells.
Aiming: Stone Arrow (dangerous; 8% risk of failure)
Press: ? - help, Shift-Dir - straight line, f/p - Prince Ribbit
Aim: Prince Ribbit (almost dead, 50% to hit)
The stone arrow misses Prince Ribbit.
Prince Ribbit hits you!
You die...

#...#####...#...#####.#
#.#....# #..
#...#...#...#.# #.##...##
##. .#.###.#.....##
#........ ) .###.
.###...## #####<### .. #
....#.###.## #.# ..
#...#...# #.# ####...#...#
#.# #.F.#...# #.# ..
#@###.## #.# .###.
###...## #.# .#.##
.#.....#### ##.# #
#...#...#...#...####.##
#..
#####...#...#####.#..##..#
#...#...#..
#(..#...#.##....##
#.....#.###.#.....####..##
#...###...###...###...##
####<........###....###


You could see Prince Ribbit.

Vanquished Creatures
  Edmund (D:5)
  An ogre (D:5)
  2 phantoms (D:5)
  A scorpion (D:5)
  A hound (D:4)
  An orc priest (D:4)
  A sleepcap (D:5)
  3 iguanas (D:4)
  2 orc wizards (D:4)
  7 adders
  An ufetubus (D:4)
  3 worms
  A dart slug (D:1)
  4 orcs (D:4)
  8 endoplasms
  2 giant cockroaches
  11 goblins
  7 hobgoblins
  4 jackals (D:3)
  2 quokkas
  7 ball pythons
  9 bats
  3 frilled lizards
  7 kobolds
  8 rats
97 creatures vanquished.

Vanquished Creatures (others)
  18 plants (D:2)
18 creatures vanquished.

Grand Total: 115 creatures vanquished

Notes
Turn   | Place    | Note
-------+----------+-------------------------------------------
     0 | D:1      | voltaire321 the Deep Elf Earth Elementalist began the quest
                  | for the Orb.
     0 | D:1      | Reached XP level 1. HP: 10/10 MP: 6/6
   275 | D:1      | Reached XP level 2. HP: 15/15 MP: 6/8
   730 | D:2      | Reached XP level 3. HP: 20/20 MP: 8/10
  1148 | D:2      | Reached skill level 1 in Fighting
  1335 | D:2      | Reached XP level 4. HP: 25/25 MP: 9/11
  1903 | D:3      | Reached skill level 1 in Armour
  1907 | D:3      | Learned a level 3 spell: Stone Arrow
  1910 | D:3      | Learned a level 2 spell: Passwall
  1931 | D:3      | Found a bloodstained altar of Trog.
  1931 | D:3      | Found a shimmering altar of Xom.
  1931 | D:3      | Found a sacrificial altar of Ru.
  2021 | D:3      | Found a snail-covered altar of Cheibriados.
  2255 | D:3      | Reached skill level 4 in Spellcasting
  2422 | D:4      | Reached XP level 5. HP: 29/29 MP: 13/13
  2536 | D:4      | Reached skill level 1 in Conjurations
  2734 | D:4      | Reached XP level 6. HP: 16/35 MP: 12/14
  3119 | D:4      | Found a staircase to the Ecumenical Temple.
  3125 | Temple   | Entered the Ecumenical Temple
  3132 | Temple   | Became a worshipper of Vehumet
  3369 | D:5      | Entered Level 5 of the Dungeon
  3536 | D:5      | Reached XP level 7. HP: 40/40 MP: 14/16
  3579 | D:5      | Reached skill level 5 in Spellcasting
  3581 | D:5      | Noticed Edmund
  3588 | D:5      | Killed Edmund
  3687 | D:5      | Noticed Prince Ribbit
  3691 | D:5      | Slain by Prince Ribbit

Illustrated notes

Levels and vault maps discovered:
D:1:      onia_arrival_mini_maze, layout_rooms
D:2:      layout_basic, minmay_fountain_box, chequers_big_river,
          serial_bayou_lagoon_a
D:3:      layout_basic, cheibriados_altar_1, gammafunk_temple_overflow_forgotten
D:4:      layout_basic, minmay_temple_entry_enclosed_plants
D:5:      nicolae_cairo_tiling, layout_basic, hellmonk_ghost_happy_afterlife,
          serial_shops, kennysheep_mini, hangedman_decor_opposing,
          grunt_decor_fettered, hangedman_decor_push, uniq_prince_ribbit1,
          uniq_edmund, uniq_pikel
Temple:   nicolae_temple_no_exploring_needed

Skill      XL: |  1  2  3  4  5  6  7 |
---------------+----------------------+-----
Dodging        | 3 4 |  4.7
Fighting       | 1 2 |  2.3
Transmutations | 2 3 |  3.5
Armour         | 1 2 |  2.3
Spellcasting   | 4 5 |  5.2
Earth Magic    | 4 |  4.8
Conjurations   | 1 2 |  2.6
Stealth        | |  2.4

Action                     |  1- 3 |  4- 6 |  7- 9 || total
---------------------------+-------+-------+-------++-------
  Melee: Whip              |     3 |     1 |       ||     4
   Cast: Sandblast         |    57 |    93 |     4 ||   154
         Stone Arrow       |       |     2 |    11 ||    13
 Armour: Robe              |     5 |     6 |       ||    11
  Dodge: Dodged            |    12 |    28 |     4 ||    44

Table legend: (Time is in decaauts)
 A = Elapsed time spent in this place.
 B = Non-inter-level travel time spent in this place.
 C = Inter-level travel time spent in this place.
 D = Time resting spent in this place.
 E = Time spent auto-exploring this place.
 F = Levels seen in this place.
 G = Mean time per level.
                   A        B        C        D        E       F      G
               +--------+--------+--------+--------+--------+-----+--------+
         Total |   3781 |   3672 |    109 |    483 |   2361 |   6 |  630.2 |
       Dungeon |   3766 |   3657 |    109 |    483 |   2361 |   5 |  753.2 |
        Temple |     14 |     14 |      0 |      0 |      0 |   1 |   14.0 |
               +--------+--------+--------+--------+--------+-----+--------+

Top non-repeatable levels by time:
     D:2: 1179 daAuts
     D:4: 960 daAuts
     D:1: 743 daAuts
     D:3: 556 daAuts
     D:5: 326 daAuts
  Temple: 14 daAuts
